 Dungeon Crawl Stone Soup version 0.24.0-125-gc4c63601f3 (webtiles) character file.

Game seed: 6290912400139440601, levelgen mode: deterministic

1523 Rotter5 the Shield-Bearer (level 8, -2/61 HPs)
             Began as a Demonspawn Fighter on Mar 10, 2020.
             Slain by a troll (5 damage)
             ... on level 7 of the Dungeon.
             The game lasted 00:33:21 (8712 turns).

Rotter5 the Shield-Bearer (Demonspawn Fighter)      Turns: 8712, Time: 00:33:21

Health: -2/61      AC: 11    Str: 19    XL:     8   Next: 54%
Magic:  8/8        EV:  9    Int:  9    God:
Gold:   216        SH: 10    Dex: 13    Spells: 7/7 levels left

rFire    x . .     SeeInvis .   a - +0 flail
rCold    + . .     Gourm    .   c - +0 shield
rNeg     . . .     Faith    .   b - +1 scale mail
rPois    .         Spirit   .   (no helmet)
rElec    .         Reflect  .   (no cloak)
rCorr    .         Harm     .   (no gloves)
MR       .....                  (no boots)
Stlth    ..........             (no amulet)
HPRegen  0.20/turn              B - ring of ice
MPRegen  0.11/turn              (no ring)

@: no status effects
A: thin metallic scales 2, demonic guardian 1
a: no special abilities


You were on level 7 of the Dungeon.
You were not hungry.

You visited 1 branch of the dungeon, and saw 7 of its levels.

You collected 216 gold pieces.

Inventory:

Hand Weapons
 a - a +0 flail (weapon)
 e - a +0 hunting sling
 k - a +0 short sword
 w - a +0 lajatang
Missiles
 d - 8 boomerangs
 g - 135 stones (quivered)
 i - 92 sling bullets
 p - 8 silver javelins
 r - 124 arrows
 s - 63 bolts
 t - 14 poisoned darts
Armour
 b - a +1 scale mail (worn)
 c - a +0 shield (worn)
Magical Staves
 y - an uncursed staff of death
Jewellery
 o - an uncursed amulet of harm
 B - a ring of ice (left hand)
 G - a +3 ring of evasion {unknown}
Scrolls
 l - 3 scrolls of remove curse
 m - a scroll of random uselessness {unknown}
 x - 2 scrolls of magic mapping {unknown}
 C - 2 scrolls of enchant armour
 E - a scroll of immolation {unknown}
 F - a scroll of noise {unknown}
Potions
 h - a potion of heal wounds
 n - a potion of mutation {unknown}
 q - 2 potions of curing
 u - a potion of agility {unknown}
 v - a potion of haste {unknown}
 z - a potion of degeneration {unknown}
 D - a potion of ambrosia {unknown}
 H - a potion of cancellation {unknown}
Comestibles
 f - 5 rations


   Skills:
 + Level 4.5 Fighting
 + Level 5.5 Maces & Flails
 + Level 0.1(0.4) Slings
 + Level 0.7(0.8) Throwing
 + Level 5.1 Armour
 + Level 3.0 Dodging
 + Level 0.2 Stealth
 + Level 5.7 Shields


You had 7 spell levels left.
You didn't know any spells.
Your spell library contained the following spells:

 Spells                   Type           Power        Failure   Level  Hunger
 Animate Skeleton         Necr           N/A          98%         1    ##.....
 Apportation              Tloc           #.....       98%         1    ##.....
 Confusing Touch          Hex            #.....       98%         1    ##.....
 Magic Dart               Conj           #...         98%         1    ##.....
 Summon Small Mammal      Summ           #...         98%         1    ##.....
 Searing Ray              Conj           #.....       99%         2    ###....
 Dazzling Spray           Conj/Hex       #.....       100%        3    ####...
 Force Lance              Conj/Tloc      #.......     100%        4    #####..
 Fulminant Prism          Conj/Hex       #.........   100%        4    #####..
 Iskenderun's Mystic Bla  Conj           #.......     100%        4    #####..


Dungeon Overview and Level Annotations

Branches:
Dungeon (7/15)
 Temple: D:4-7

Altars:
Ashenzari
Uskayaw
The Shining One

Annotations:
D:5 Eustachio, Sigmund


Innate Abilities, Weirdness & Mutations

You are mostly covered in thin metallic scales. (AC +3)
A weak demonic guardian rushes to your aid.


Message History

Reactivating autopickup.
Your ufetubus hits the troll. x2
The troll bites your ufetubus but does no damage.
The troll claws your ufetubus!
Your ufetubus dies!
The sky beast hits you but does no damage.
You see here a war axe.
The troll bites you but does no damage. You block the troll's attack.
The troll claws you!
* * * LOW HITPOINT WARNING * * *
The sky beast hits you but does no damage.
You block the sky beast's attack. The troll bites you!
* * * LOW HITPOINT WARNING * * *
You block the troll's attack. The troll barely misses you.
As you read the scroll labeled BEUFETAERRI, it crumbles to dust.
It is a scroll of enchant armour.
Your +0 scale mail glows green for a moment.
You block the sky beast's attack. The troll bites you.
You die...

#...................#
#............##'#####
#............#.......
#............#.......
#............#'######
#.......####........#
#.......#..'........#
#>.<..≈.#..#.........
#...@5..#..#.....<...
#..TY>..#..#########.
#.......#.......#
#.......#.......#
#...)...#'###..##
#...........####
#...........#
#...........#
#...........#


You could see a troll, a sky beast and a friendly quasit.

Vanquished Creatures
  A phantom (D:2)
  A sky beast (D:5)
  2 ogres
  A centaur (D:5)
  2 scorpions
  A howler monkey (D:4)
  3 jellies
  4 hounds (D:5)
  A gnoll shaman (D:5)
  2 bullfrog skeletons
  A centaur skeleton (D:4)
  An iron imp (D:6)
  3 iguanas
  2 worker ants
  4 gnolls
  A worker ant zombie (D:7)
  5 adders
  A shadow imp (D:6)
  3 oozes
  An adder skeleton (D:5)
  An adder zombie (D:6)
  3 worms
  2 dart slugs
  6 leopard geckos
  8 orcs
  11 bats
  8 giant cockroaches
  7 goblins
  7 hobgoblins
  8 jackals
  3 quokkas
  3 ball pythons
  2 frilled lizards
  A giant cockroach zombie (D:5)
  A goblin zombie (D:6)
  A hobgoblin zombie (D:6)
  16 kobolds
  A kobold zombie (D:6)
  An orc skeleton (D:6)
  2 orc zombies (D:6)
  10 rats
142 creatures vanquished.

Vanquished Creatures (collateral kills)
  A black bear (D:6)
  4 ogres
  A bullfrog (D:5)
  A scorpion (D:6)
  A bullfrog zombie (D:5)
  A hound (D:5)
  A hound skeleton (D:6)
  A leopard gecko (D:5)
  A quokka (D:6)
  A goblin skeleton (D:6)
  An orc skeleton (D:6)
14 creatures vanquished.

Grand Total: 156 creatures vanquished

Notes
Turn   | Place    | Note
-------+----------+-------------------------------------------
     0 | D:1      | Rotter5 the Demonspawn Fighter began the quest for the Orb.
     0 | D:1      | Reached XP level 1. HP: 18/18 MP: 1/1
   191 | D:1      | Gained mutation: A weak demonic guardian rushes to your
                  | aid. [demonic ancestry]
   191 | D:1      | Reached XP level 2. HP: 16/24 MP: 2/2
  1174 | D:1      | Reached XP level 3. HP: 27/29 MP: 3/3
  2272 | D:2      | Noticed a phantom
  2433 | D:2      | Killed a phantom
  2433 | D:2      | Reached skill level 1 in Dodging
  2433 | D:2      | Reached XP level 4. HP: 19/35 MP: 4/4
  2765 | D:3      | Found a hide-covered altar of Uskayaw.
  3133 | D:3      | Gained mutation: You are partially covered in thin metallic
                  | scales. (AC +2) [demonic ancestry]
  3133 | D:3      | Reached XP level 5. HP: 18/41 MP: 5/5
  4525 | D:4      | Noticed an ogre
  4546 | D:4      | Killed an ogre
  4626 | D:4      | Reached XP level 6. HP: 43/47 MP: 6/6
  4937 | D:4      | You fall into a shaft and drop 2 floors!
  4994 | D:5      | Entered Level 5 of the Dungeon
  5468 | D:4      | Gained mutation: You are mostly covered in thin metallic
                  | scales. (AC +3) [demonic ancestry]
  5468 | D:4      | Reached XP level 7. HP: 36/53 MP: 7/7
  5753 | D:5      | Noticed Eustachio
  5936 | D:5      | Found a shattered altar of Ashenzari.
  7075 | D:5      | Reached skill level 5 in Shields
  7278 | D:5      | Reached XP level 8. HP: 60/60 MP: 8/8
  7495 | D:5      | Noticed Sigmund
  7647 | D:6      | Found a glowing golden altar of the Shining One.
  7669 | D:6      | Reached skill level 5 in Maces & Flails
  7726 | D:6      | Reached skill level 5 in Armour
  8197 | D:7      | Noticed a troll
  8710 | D:7      | HP: 2/61 [troll (11)]
  8712 | D:7      | Slain by a troll

Levels and vault maps discovered:
D:1:      lemuel_arrival_behind_the_door_large, layout_loops_ring
D:2:      layout_loops_cross, grunt_decor_mini_mirrors
D:3:      layout_loops_corners, nicolae_overflow_crystal_walls, serial_glass,
          glass_columns_a, glass_columns_c, st_stairs_11, minmay_crystal_water
D:4:      layout_basic, first_ration
D:5:      minmay_thinvault, layout_layer_cave, portal_sewer_entry_a,
          basic_altar, uniq_eustachio, uniq_sigmund
D:6:      layout_cave_pools, nicolae_tso_besieged_by_evil
D:7:      layout_gridville, minmay_temple_entry_proselytizer,
          minmay_the_grid_2x2 [minmay_the_grid_large_cup,
          minmay_the_grid_diamond_grid, minmay_the_grid_aliased_spiral,
          minmay_the_grid_prize_four_corners]

Skill      XL: |  1  2  3  4  5  6  7  8 |
---------------+-------------------------+-----
Shields        | 3 4 5 |  5.7
Maces & Flails | 2 3 4 5 |  5.5
Armour         | 3 4 5 |  5.1
Dodging        | 1 2 3 |  3.0
Fighting       | 4 |  4.5
Slings         | |  0.1
Throwing       | |  0.7
Stealth        | |  0.2

Action                   |  1- 3 |  4- 6 |  7- 9 || total
-------------------------+-------+-------+-------++-------
Melee: Flail             |   211 |   212 |   289 ||   712
 Fire: Hunting sling     |       |     2 |       ||     2
Throw: Stone             |       |       |    26 ||    26
  Use: Potion            |       |     2 |     3 ||     5
       Scroll            |       |     3 |     7 ||    10
  Eat: Chunk             |     4 |    10 |     4 ||    18
       Ration            |       |     1 |     2 ||     3
Armor: Scale mail        |   107 |   112 |   189 ||   408
Dodge: Dodged            |    64 |    82 |   130 ||   276
Block: Shield            |   131 |   166 |   216 ||   513
